[Event "January 9 Early 2024"]
[Site "https://www.chess.com"]
[Date "2024.01.11"]
[Round "10"]
[White "Subramanian, Anusha"]
[Black "Gonzalez Vega, Alejandro"]
[Result "1/2-1/2"]
[Board "194"]
[TimeControl "180+1"]
[WhiteFideId "477710"]
[BlackFideId "3510042"]
[WhiteElo "2108"]
[BlackElo "2246"]
[WhiteTeam "ENG"]
[BlackTeam "CUB"]
[WhiteClock "0:00:05"]
[BlackClock "0:00:26"]

1. e4 c5 2. Nf3 a6 3. d4 cxd4 4. Nxd4 Nf6 5. Nc3 e5 6. Nb3 d6 7. f3 Be6 8. Be3 Be7 9. Qd2 Qc7 10. g4 Nbd7 11. h4 Nb6 12. h5 Nc4 13. Bxc4 Qxc4 14. g5 Nd7 15. O-O-O Rc8 16. g6 fxg6 17. hxg6 h6 18. Kb1 Rf8 19. f4 exf4 20. Bxf4 Ne5 21. Rhf1 b5 22. Bxe5 Rxf1 23. Bxg7 Rxd1+ 24. Qxd1 b4 25. Ne2 Qxe4 26. Bxh6 Qxg6 27. Bf4 Bf5 28. Ned4 Be4 29. Qe2 d5 30. Be3 a5 31. Nxa5 Bc5 32. Nab3 Bxd4 33. Nxd4 Qf6 34. b3 Qg6 35. Qb5+ Kf8 36. Qe2 Kg7 37. Qf2 Rf8 38. Qe2 Qg2 39. Qxg2+ Bxg2 40. Ne6+ Kf7 41. Nxf8 Kxf8 42. Bc5+ Kf7 43. Bxb4 Be4 44. Bd2 Ke6 45. Kb2 Kd6 46. Kc3 Kc6 47. Kd4 Bxc2 48. b4 Ba4 49. a3 Bb5 50. Bf4 Ba4 51. Be5 Bb5 52. Bb8 Ba4 53. Ba7 Bb5 54. Bc5 Ba4 55. Be7 Bb3 56. Bc5 Ba4 57. Bf8 Bb5 58. Ke5 Ba4 59. Ke6 Bb5 60. Ke7 Ba4 61. Kd8 Bb5 62. Kc8 Ba4 63. Kb8 Bb5 64. Ka7 Ba4 65. Ka6 Bb5+ 66. Ka5 Bc4 67. Bc5 Bd3 68. a4 Bc4 69. Bd4 Bd3 70. b5+ Kb7 71. b6 Bc4 72. Kb4 Ba6 73. Kc5 Bc4 74. a5 Bb3 75. Be3 Bc4 76. Bd4 Bb3 77. Kb4 Bc4 78. Ka4 Ka6 79. Bc5 Bb5+ 80. Kb4 Bc4 81. Bd4 Kb7 82. Bc5 Ka6 83. Bd4 Kb7 1/2-1/2

[Event "January 9 Early 2024"]
[Site "https://www.chess.com"]
[Date "2024.01.11"]
[Round "10"]
[White "Starozhilov, Leonid"]
[Black "Kraiouchkine, Nikita"]
[Result "1-0"]
[Board "195"]
[TimeControl "180+1"]
[WhiteFideId "14106752"]
[BlackFideId "2607140"]
[WhiteElo "2780"]
[BlackElo "2627"]
[WhiteTeam "UKR"]
[BlackTeam "CAN"]
[WhiteClock "0:00:02"]
[BlackClock "0:00:01"]

1. e4 e5 2. Nf3 Nc6 3. Nc3 Nf6 4. Bb5 Nd4 5. Bd3 Nxf3+ 6. Qxf3 d6 7. h3 Be6 8. Bb5+ c6 9. Ba4 Qd7 10. Bb3 d5 11. exd5 Nxd5 12. O-O Be7 13. Re1 Bf6 14. d4 exd4 15. Nxd5 cxd5 16. Bxd5 O-O 17. Bxb7 Rad8 18. Be4 Qb5 19. Bd3 Qb4 20. Bh6 Qxb2 21. Qe4 Rfe8 22. Qxh7+ Kf8 23. Bf4 Ke7 24. Rab1 Qxa2 25. Qe4 Kf8 26. Rb7 Qd5 27. Rxa7 Qxe4 28. Rxe4 Ra8 29. Rxa8 Rxa8 30. Re1 Rc8 31. Rb1 g6 32. Bd6+ Kg7 33. f3 Rc6 34. Bf4 Bc4 35. Rd1 Be6 36. Re1 Rb6 37. Be5 Rb2 38. Bxf6+ Kxf6 39. Kf2 Ke7 40. Re4 Rb4 41. h4 Kd6 42. Re2 Bd5 43. g4 Ra4 44. Kg3 Ra1 45. Rf2 Rg1+ 46. Kf4 Re1 47. Kg5 Ke7 48. h5 gxh5 49. Kxh5 Re5+ 50. Kh4 Re3 51. Kg3 Kf6 52. Kf4 Re7 53. Re2 Rc7 54. g5+ Kg7 55. Re5 Bc4 56. Re4 Bd5 57. Rxd4 Bb7 58. Kg4 Rc5 59. f4 Bc8+ 60. f5 f6 61. gxf6+ Kxf6 62. Rd6+ Ke5 63. Rd8 Bb7 64. Kg5 Rc7 65. Re8+ Kd6 66. Re1 Rc5 67. Kg6 Ra5 68. Re6+ Kd7 69. Re3 Bd5 70. f6 Ra1 71. Rg3 Re1 72. Kg7 1-0

[Event "January 9 Early 2024"]
[Site "https://www.chess.com"]
[Date "2024.01.11"]
[Round "10"]
[White "Gutierrez Carmona, Juan Alejandro"]
[Black "Foisor, Sabina-Francesca"]
[Result "1/2-1/2"]
[Board "196"]
[TimeControl "180+1"]
[WhiteFideId "5106770"]
[BlackFideId "1212915"]
[WhiteElo "2186"]
[BlackElo "2388"]
[WhiteTeam "MEX"]
[BlackTeam "USA"]
[WhiteClock "0:00:08"]
[BlackClock "0:00:35"]

1. e4 c5 2. Nf3 d6 3. d4 cxd4 4. Nxd4 Nf6 5. Nc3 e6 6. Be2 Be7 7. O-O a6 8. f4 O-O 9. Kh1 Nc6 10. Nxc6 bxc6 11. Bf3 e5 12. fxe5 dxe5 13. Bg5 Be6 14. b3 Qxd1 15. Raxd1 h6 16. Be3 Rfd8 17. h3 Rxd1 18. Rxd1 Rd8 19. Rxd8+ Bxd8 20. Kg1 Kf8 21. Kf1 Ke7 22. Na4 Kd6 23. Ke2 Nd7 24. Kd3 Bg5 25. Bf2 g6 26. c4 f5 27. Kc3 Bd8 28. Kb4 a5+ 29. Kc3 Nf6 30. Nc5 Bc8 31. a3 g5 32. exf5 Bxf5 33. Nb7+ Kd7 34. Nxd8 Kxd8 35. Bxc6 Be4 36. Bb6+ Kc8 37. Bb5 Bxg2 38. Bxa5 Bxh3 39. c5 g4 40. Kd3 g3 41. Ke3 e4 42. Be1 g2 43. Bf2 Ng4+ 44. Ke2 Ne5 45. Bg1 Bg4+ 46. Ke3 Bf5 47. Be2 Kc7 48. Kf2 Be6 49. b4 Nd3+ 50. Kxg2 Nc1 51. Kf2 h5 52. Bxh5 Na2 53. Ke3 Nc3 54. Bg6 Bd5 55. Bf5 Kc6 56. Bh2 Nb1 57. Be5 Nxa3 58. Bxe4 Bxe4 59. Kxe4 Nc2 60. Bc3 Na3 61. Kd3 Nb5 62. Kc4 Nc7 63. Bd2 Nb5 64. Bf4 Na7 65. Be5 Nb5 66. Bd4 Na3+ 67. Kb3 Nb5 68. Bb2 Na7 69. Ka4 Nb5 70. Bc1 Nc7 71. Ka5 Nb5 72. Bd2 Nc7 73. Bf4 Nb5 74. Bg3 Nd4 75. Bh2 Nb5 76. Bg3 Nc3 77. Bf2 Nb5 78. Be1 Nc7 79. Bg3 Nb5 80. Ka6 Nd4 81. b5+ Nxb5 82. Bf2 Nc3 83. Ka5 Ne4 84. Ka4 Nxf2 85. Kb3 Ne4 86. Kc2 Nf6 87. Kd3 Nd7 88. Ke4 Nb8 89. Kd3 Na6 90. Ke3 Nc7 91. Kf3 Nd5 92. Ke4 Nb4 93. Kf3 Nd3 94. Ke3 Nxc5 1/2-1/2

[Event "January 9 Early 2024"]
[Site "https://www.chess.com"]
[Date "2024.01.11"]
[Round "10"]
[White "Martinez, Shawn"]
[Black "Al-Tarboush, Ward"]
[Result "0-1"]
[Board "197"]
[TimeControl "180+1"]
[WhiteFideId "2039770"]
[BlackFideId "7601450"]
[WhiteElo "2439"]
[BlackElo "2610"]
[WhiteTeam "USA"]
[BlackTeam "NOR"]
[WhiteClock "0:00:10"]
[BlackClock "0:00:27"]

1. e4 e6 2. d4 d5 3. Bd3 dxe4 4. Bxe4 Nf6 5. Bf3 c5 6. Ne2 Nc6 7. Be3 cxd4 8. Nxd4 Ne5 9. O-O Be7 10. Nc3 O-O 11. Re1 a6 12. h3 Nxf3+ 13. Qxf3 e5 14. Nf5 Bxf5 15. Qxf5 Bb4 16. Bg5 Bxc3 17. bxc3 h6 18. Bxf6 Qxf6 19. Qe4 Rac8 20. Re3 Rfd8 21. Qxb7 Rc4 22. Rf3 Rf4 23. Rxf4 Qxf4 24. Qxa6 Rd2 25. Qb6 Rxc2 26. a4 Rc1+ 27. Rxc1 Qxc1+ 28. Kh2 Qf4+ 29. Kg1 Qxa4 30. Qb8+ Kh7 31. Qxe5 Qc2 32. Qd4 Qb1+ 33. Kh2 Qb8+ 34. g3 h5 35. c4 g5 36. h4 gxh4 37. Qxh4 Qe5 38. Qf4 Qe7 39. Qf5+ Kh6 40. c5 h4 41. Qf4+ Kg7 42. Qd4+ Kg8 43. gxh4 Qe6 44. Kg3 Qc6 45. Qd8+ Kh7 46. Qd3+ Kg8 47. Qf5 Qh1 48. Qg5+ Kf8 49. h5 Qg1+ 50. Kh4 Qxf2+ 51. Kg4 Qg2+ 52. Kf5 Qd5+ 53. Kf4 Qd4+ 54. Kg3 Qd3+ 55. Kg4 Qe2+ 56. Kh4 Qe1+ 57. Qg3 Qb4+ 58. Kh3 Qxc5 59. Qg4 Qe3+ 60. Kh4 Qf2+ 61. Kg5 Qc5+ 62. Qf5 Qg1+ 63. Qg4 Qc1+ 64. Qf4 Qc6 65. Qb8+ Kg7 66. Qb2+ f6+ 67. Kh4 Qe4+ 68. Kh3 Qf3+ 69. Kh4 Qf4+ 70. Kh3 Qf5+ 71. Kh4 Qg5+ 72. Kh3 Qxh5+ 73. Kg3 Qg5+ 74. Kf3 Qf5+ 75. Kg3 Kg6 76. Qb8 Qd3+ 77. Kf4 Qd4+ 78. Kg3 Qe3+ 79. Kg4 f5+ 80. Kh4 Qf2+ 81. Kh3 Qf1+ 82. Kh4 Qc4+ 83. Kh3 Qg4+ 84. Kh2 Kg5 85. Qd8+ Kf4 86. Qc7+ Ke4 87. Qc4+ Kf3 88. Qd3+ Kf2 89. Qd4+ Qxd4 0-1

[Event "January 9 Early 2024"]
[Site "https://www.chess.com"]
[Date "2024.01.11"]
[Round "10"]
[White "De Pablo Pena, Miguel Angel"]
[Black "Zhukov, Maksim"]
[Result "1-0"]
[Board "198"]
[TimeControl "180+1"]
[WhiteFideId "2219123"]
[BlackFideId "34181790"]
[WhiteElo "2164"]
[BlackElo "2302"]
[WhiteTeam "ESP"]
[BlackTeam "RUS"]
[WhiteClock "0:00:25"]
[BlackClock "0:00:10"]

1. e4 c5 2. Nc3 e6 3. f4 a6 4. a4 b6 5. Nf3 Bb7 6. g3 d5 7. e5 d4 8. Nb1 h5 9. h4 Nh6 10. Bg2 Nf5 11. Kf2 Be7 12. d3 Nd7 13. Na3 Rh6 14. Ng5 Bxg2 15. Kxg2 Rg6 16. Qf3 f6 17. Nxe6 Qc8 18. Qxh5 Kf7 19. Qxf5 Qc6+ 20. Qe4 Qxe6 21. Qxa8 fxe5 22. f5 Qxf5 23. Rf1 Rxg3+ 24. Kxg3 Qxf1 25. Qf3+ Qxf3+ 26. Kxf3 Bxh4 27. Nc4 Ke6 28. Bd2 Bf6 29. Be1 Kd5 30. Bg3 b5 31. axb5 axb5 32. Na5 Nf8 33. Re1 Ne6 34. Nb3 c4 35. Nd2 cxd3 36. cxd3 Nc5 37. Ke2 Bg5 38. Ne4 Nxe4 39. dxe4+ Kxe4 40. Kf2+ Be3+ 41. Ke2 d3+ 42. Kd1 Kf3 43. Bxe5 g5 44. Rf1+ Ke4 45. Bg3 g4 46. Rf8 b4 47. Re8+ Kf3 48. Be1 b3 49. Bc3 g3 50. Rf8+ Ke4 51. Re8+ Kf3 52. Rf8+ Ke4 53. Rg8 Kf3 54. Bd2 Bf2 55. Be1 g2 56. Bxf2 Kxf2 57. Rf8+ Ke3 58. Rg8 Kf2 59. Kd2 g1=Q 60. Rxg1 Kxg1 61. Kxd3 Kf2 62. Kc3 Ke3 63. Kxb3 Kd4 64. Ka4 Kc5 65. Ka5 Kc6 66. b4 Kb7 67. Kb5 Ka7 68. Kc6 Kb8 69. Kb6 Ka8 70. b5 Kb8 71. Ka6 Ka8 72. b6 Kb8 73. b7 Kc7 74. Ka7 Kc6 75. b8=Q Kc5 76. Qb6+ Kc4 77. Ka6 Kc3 78. Kb5 Kc2 79. Qd4 Kb1 80. Qd2 Ka1 81. Kb4 Kb1 82. Kb3 Ka1 83. Qc1# 1-0

[Event "January 9 Early 2024"]
[Site "https://www.chess.com"]
[Date "2024.01.11"]
[Round "10"]
[White "Svane, Rasmus"]
[Black "Demchenko, Anton"]
[Result "1/2-1/2"]
[Board "199"]
[TimeControl "180+1"]
[WhiteFideId "4657101"]
[BlackFideId "4160258"]
[WhiteElo "3021"]
[BlackElo "2943"]
[WhiteTeam "GER"]
[BlackTeam "SLO"]
[WhiteClock "0:00:13"]
[BlackClock "0:00:06"]

1. Nf3 Nf6 2. g3 g6 3. Bg2 Bg7 4. d4 O-O 5. O-O d6 6. Re1 Nbd7 7. e4 e5 8. Nc3 b6 9. a4 a6 10. b3 Bb7 11. dxe5 dxe5 12. Nd2 Re8 13. Nc4 Nc5 14. Ba3 Ne6 15. Nd5 Nd7 16. c3 a5 17. Qc2 Ba6 18. Bf1 c6 19. Nde3 Bf8 20. Bxf8 Nexf8 21. Rad1 Qc7 22. Nd6 Re6 23. Bxa6 Rxd6 24. Rxd6 Qxd6 25. Rd1 Qc7 26. Bf1 Nc5 27. Nc4 Nb7 28. Rd2 Re8 29. Qd1 h5 30. h4 Nc5 31. Bg2 Rb8 32. Ne3 b5 33. axb5 Rxb5 34. Rb2 Qb8 35. b4 axb4 36. cxb4 Rxb4 37. Rxb4 Qxb4 38. Qd6 Qd4 39. Qxc6 Nd3 40. Qc2 Ne6 41. Qd2 Nec5 42. Nc2 Qb2 43. Qe2 Qc3 44. Bf1 Nb4 45. Nxb4 Qxb4 46. Bg2 Qd4 47. Bf3 Nd3 48. Kg2 Kg7 49. Kg1 Nc5 50. Kg2 Nb3 51. Kg1 Nd2 52. Bg2 Nb3 53. Bf3 Nc1 54. Qe1 Nd3 55. Qe2 Qa1+ 56. Kg2 Ne1+ 57. Kh2 Nxf3+ 58. Qxf3 Qd4 59. Kg2 f6 60. g4 hxg4 61. Qxg4 Kf7 62. h5 gxh5 63. Qxh5+ Ke7 64. Qh7+ Ke6 65. Qg8+ Ke7 66. Qh7+ Ke6 67. Qg6 Ke7 68. Kg3 Qd3+ 69. Kh2 Qf3 70. Kg1 Ke6 71. Qe8+ Kd6 72. Qd8+ Ke6 73. Qd5+ Ke7 74. Qb7+ Kf8 75. Qc8+ Ke7 76. Qc4 Kf8 77. Kf1 Qd1+ 78. Kg2 Qg4+ 79. Kf1 Qd1+ 80. Kg2 Qg4+ 81. Kf1 Qd1+ 1/2-1/2

[Event "January 9 Early 2024"]
[Site "https://www.chess.com"]
[Date "2024.01.11"]
[Round "10"]
[White "Clawitter, Craig"]
[Black "Winkels, Marcel"]
[Result "1-0"]
[Board "200"]
[TimeControl "180+1"]
[WhiteFideId "2023105"]
[BlackFideId "1003887"]
[WhiteElo "2233"]
[BlackElo "2009"]
[WhiteTeam "USA"]
[BlackTeam "NED"]
[WhiteClock "0:00:06"]
[BlackClock "0:00:11"]

1. e4 d5 2. exd5 Nf6 3. Bb5+ c6 4. dxc6 Nxc6 5. d4 Bd7 6. Nf3 a6 7. Ba4 b5 8. Bb3 Bg4 9. c3 e6 10. h3 Bh5 11. Bf4 Nd5 12. Bg3 Bd6 13. Bxd5 exd5 14. Bxd6 Qxd6 15. Qe2+ Ne7 16. Qe5 O-O-O 17. Qxd6 Rxd6 18. Nbd2 Re6+ 19. Kd1 g5 20. Re1 Rxe1+ 21. Kxe1 h6 22. Kf1 Bg6 23. Re1 Kd7 24. Ne5+ Kd6 25. Nxg6 Nxg6 26. g3 Rc8 27. Nb3 h5 28. Nc5 Ra8 29. Kg2 a5 30. b3 b4 31. c4 Ne7 32. Kf3 dxc4 33. bxc4 a4 34. Ne4+ Kd7 35. Nf6+ Kd8 36. Nxh5 b3 37. axb3 axb3 38. Rb1 Rc8 39. c5 Rb8 40. Nf6 Nc6 41. Ke4 Na5 42. Nd5 Nc4 43. Kd3 Na3 44. Rb2 Nc2 45. Nb6 Nb4+ 46. Kc4 Nc6 47. Rxb3 Ke8 48. f4 Rd8 49. d5 Ne7 50. d6 Nf5 51. g4 Nxd6+ 52. cxd6 Rxd6 53. Nd5 Rc6+ 54. Kd4 gxf4 55. Nxf4 Rd6+ 56. Nd5 Rd7 57. Re3+ Kf8 58. Rf3 Kg7 59. Ke5 Rd8 60. Nf6 Ra8 61. Nh5+ Kf8 62. Kf4 Ra4+ 63. Kg3 Ra5 64. Kh4 Ra4 65. Kg5 Ra5+ 66. Rf5 Ra2 67. Nf4 Ra3 68. h4 Ra6 69. h5 Kg7 70. h6+ Rxh6 71. Rxf7+ Kxf7 72. Kxh6 Kf6 73. g5+ Kf5 74. g6 Kxf4 75. g7 Ke4 76. g8=Q Kd3 77. Qe6 Kd4 78. Kg6 Kc3 79. Qd5 Kb4 80. Qc6 Kb3 81. Qc5 Kb2 82. Qc4 1-0

[Event "January 9 Early 2024"]
[Site "https://www.chess.com"]
[Date "2024.01.11"]
[Round "10"]
[White "Nigalidze, Gaioz"]
[Black "Rietze, Clemens, Dr."]
[Result "1-0"]
[Board "201"]
[TimeControl "180+1"]
[WhiteFideId "13603078"]
[BlackFideId "24620351"]
[WhiteElo "2662"]
[BlackElo "2515"]
[WhiteTeam "GEO"]
[BlackTeam "GER"]
[WhiteClock "0:00:13"]
[BlackClock "0:00:08"]

1. e4 c5 2. Nf3 Nc6 3. Bb5 e6 4. Bxc6 bxc6 5. O-O f6 6. e5 fxe5 7. Nxe5 Nf6 8. b3 d6 9. Nf3 e5 10. d3 Be7 11. Nc3 O-O 12. h3 Kh8 13. Ne4 Nd5 14. Bg5 Nf4 15. Bxf4 Rxf4 16. Ng3 Be6 17. Qe2 Qd7 18. Nh2 Bxh3 19. gxh3 Qxh3 20. Rfe1 Rh4 21. Nf3 Rf4 22. Nh2 Raf8 23. Qf1 Qh6 24. Re2 Rh4 25. Qg2 Rhf4 26. Rf1 Bh4 27. Qxc6 Qg5 28. Qg2 d5 29. Qxd5 Bxg3 30. fxg3 Qxg3+ 31. Qg2 Qh4 32. Rxf4 exf4 33. Qg4 Qf6 34. Nf3 h6 35. Kg2 Kh7 36. Qe6 Qc3 37. Qe4+ Kg8 38. Qd5+ Kh8 39. Ne5 f3+ 40. Nxf3 Qf6 41. Qe4 g5 42. Qg4 Kg7 43. Re6 Qc3 44. Re7+ Kh8 45. Re2 Qf6 46. Qe4 g4 47. Nh2 g3 48. Nf3 Rg8 49. Qe5 Kg7 50. Qxf6+ Kxf6 51. Re4 h5 52. Rf4+ Ke6 53. Rh4 Rh8 54. Kxg3 Kf5 55. Rc4 h4+ 56. Nxh4+ Ke5 57. Rxc5+ Kd4 58. Rc4+ Ke3 59. Nf5+ Kd2 60. Kf4 Rf8 61. a4 Kc1 62. Ke5 Kb2 63. Nd6 Rh8 64. Kd5 Rh5+ 65. Kc6 Rh6 66. a5 Ka3 67. a6 Kb2 68. Kb7 Rh7+ 69. Ka8 Rd7 70. Rc6 Ka3 71. Nb7 Kb4 72. Kxa7 Kb5 73. Rc5+ Kb4 74. Kb6 Rh7 75. Rc4+ Ka3 76. a7 Kb2 77. a8=Q Rh6+ 78. Rc6 Rh7 79. Qf8 Rh4 80. d4 Ka2 81. d5 Rb4+ 82. Qxb4 1-0

[Event "January 9 Early 2024"]
[Site "https://www.chess.com"]
[Date "2024.01.11"]
[Round "10"]
[White "Golubovic, Erik"]
[Black "Shuvalova, Polina"]
[Result "1-0"]
[Board "202"]
[TimeControl "180+1"]
[WhiteFideId "14586908"]
[BlackFideId "24171760"]
[WhiteElo "2316"]
[BlackElo "2708"]
[WhiteTeam "CRO"]
[BlackTeam "RUS"]
[WhiteClock "0:00:06"]
[BlackClock "0:00:03"]

1. d4 Nf6 2. c4 e6 3. Nf3 d5 4. g3 Be7 5. Bg2 O-O 6. O-O c6 7. Qc2 b6 8. Nbd2 c5 9. cxd5 exd5 10. dxc5 bxc5 11. Nb3 Na6 12. Bg5 Nb4 13. Qc1 Bf5 14. Bxf6 Bxf6 15. Qxc5 Nc2 16. Rad1 Rc8 17. Qxd5 Qxd5 18. Rxd5 Be6 19. Ra5 Rc7 20. e3 Bxb2 21. Nfd4 Nxd4 22. Nxd4 Bc4 23. Rb1 Bc3 24. Ra3 Bxd4 25. exd4 Be6 26. d5 Bf5 27. Rd1 Rd8 28. h4 g6 29. Rd2 Rd6 30. Bf3 h5 31. Kg2 Kg7 32. Rd4 Rb6 33. Rd2 Kf6 34. Ra5 Rd6 35. Ra3 Ke7 36. Re3+ Kd7 37. Re5 Rb6 38. Bxh5 f6 39. Rxf5 gxf5 40. Bg6 Kd6 41. Bxf5 Rc5 42. Be6 Rc1 43. h5 Rbb1 44. g4 Rg1+ 45. Kf3 Rbc1 46. Rb2 Rc3+ 47. Ke2 Ke5 48. Rd2 Rcc1 49. Bf5 Kd6 50. h6 Rge1+ 51. Kf3 Rh1 52. h7 Rc3+ 53. Kg2 Rch3 54. Rb2 Kxd5 55. Rb7 R1h2+ 56. Kf1 a6 57. Ra7 Rh1+ 58. Ke2 Ke5 59. Rxa6 Kf4 60. Ra4+ Kg5 61. Ra8 R1h2 62. Rg8+ Kf4 63. a4 Rh1 64. a5 R1h2 65. a6 Rf3 66. h8=Q Rhxf2+ 67. Ke1 Rf1+ 68. Kd2 R1f2+ 69. Kc1 Rf1+ 70. Kb2 R3f2+ 71. Bc2 Re2 72. Qxf6+ Ke3 73. Qxf1 Rd2 74. Re8+ Kd4 75. Qf4+ Kc5 76. Rc8+ Kb6 77. Qb8+ Ka5 78. Rc5+ Kxa6 79. Qb5+ Ka7 80. Rc7+ Ka8 81. Qb7# 1-0

[Event "January 9 Early 2024"]
[Site "https://www.chess.com"]
[Date "2024.01.11"]
[Round "10"]
[White "Sadhwani, Raunak"]
[Black "Popov, Konstantin"]
[Result "1/2-1/2"]
[Board "203"]
[TimeControl "180+1"]
[WhiteFideId "35093487"]
[BlackFideId "34137910"]
[WhiteElo "3052"]
[BlackElo "2914"]
[WhiteTeam "IND"]
[BlackTeam "FID"]
[WhiteClock "0:00:11"]
[BlackClock "0:00:11"]

1. e4 c5 2. Nf3 d6 3. Bb5+ Nd7 4. Ba4 a6 5. c4 Nf6 6. O-O g6 7. Nc3 Bg7 8. d3 O-O 9. h3 Rb8 10. Be3 Ne8 11. d4 cxd4 12. Bxd4 Nef6 13. Qe2 e5 14. Ba7 Ra8 15. Be3 Qc7 16. Rac1 Nc5 17. Bc2 b6 18. b4 Ncd7 19. Nd5 Nxd5 20. cxd5 Qd8 21. Nd2 f5 22. f3 b5 23. Nb3 Nf6 24. g4 h5 25. g5 Nh7 26. h4 f4 27. Bd2 Bh3 28. Rfe1 Rc8 29. Kh2 Bd7 30. Qf2 Nxg5 31. hxg5 Qxg5 32. Rg1 Qf6 33. Bd1 g5 34. Rxc8 Rxc8 35. Be1 g4 36. fxg4 hxg4 37. Bxg4 Qh6+ 38. Qh4 Rc2+ 39. Kh3 Bxg4+ 40. Rxg4 Kf7 41. Na5 Rxa2 42. Nb7 Ra3+ 43. Kh2 Ra2+ 44. Rg2 Rxg2+ 45. Kxg2 Qg6+ 46. Kf3 Bf8 47. Qg4 Qh6 48. Nd8+ Ke8 49. Bh4 Be7 50. Bxe7 Qh1+ 51. Kf2 Kxe7 52. Nc6+ Kf6 53. Qf5+ Kg7 54. Qd7+ Kh8 55. Qe8+ Kh7 56. Qe7+ Kh8 57. Qf6+ Kh7 58. Qf7+ Kh8 59. Qf6+ Kh7 60. Qf5+ Kh8 61. Qc8+ Kh7 62. Qc7+ Kh8 63. Qxd6 Qh2+ 64. Ke1 Qg1+ 65. Kd2 Qe3+ 66. Kd1 Qd3+ 67. Ke1 Qe3+ 68. Kf1 Qf3+ 69. Kg1 Qg3+ 70. Kf1 Qf3+ 71. Ke1 Qe3+ 72. Kd1 Qd3+ 73. Kc1 Qc3+ 74. Kb1 Qb3+ 75. Ka1 Qa3+ 76. Kb1 Qb3+ 77. Ka1 Qa3+ 78. Kb1 Qb3+ 1/2-1/2

[Event "January 9 Early 2024"]
[Site "https://www.chess.com"]
[Date "2024.01.11"]
[Round "10"]
[White "Yuan, Qingyu"]
[Black "Ibarra Jerez, Jose Carlos"]
[Result "0-1"]
[Board "204"]
[TimeControl "180+1"]
[WhiteFideId "8609772"]
[BlackFideId "2226332"]
[WhiteElo "2755"]
[BlackElo "2933"]
[WhiteTeam "CHN"]
[BlackTeam "ESP"]
[WhiteClock "0:00:05"]
[BlackClock "0:00:05"]

1. e4 c5 2. Nf3 Nc6 3. Bb5 e6 4. O-O Nd4 5. Nxd4 cxd4 6. d3 Bc5 7. Nd2 a6 8. Bc4 Ne7 9. a3 b5 10. Ba2 O-O 11. c3 Nc6 12. b4 Bb6 13. Bb2 dxc3 14. Bxc3 Bd4 15. Qc1 Qf6 16. Bxd4 Nxd4 17. Kh1 Bb7 18. Qb2 Rac8 19. Bb3 Rc6 20. f4 d6 21. Nf3 Nxb3 22. Qxb3 Rfc8 23. Rfd1 Rc3 24. Qb2 Rxd3 25. Qxf6 Rxd1+ 26. Rxd1 gxf6 27. h3 Bxe4 28. Rxd6 Rc3 29. Nd2 Bd5 30. Rxa6 Rxh3+ 31. Kg1 Rd3 32. Nf1 Rb3 33. Ra5 Kg7 34. Nd2 Rd3 35. Nf1 Kg6 36. Rxb5 Rxa3 37. Rc5 Rb3 38. b5 Kf5 39. g3 Kg4 40. Kf2 Rb2+ 41. Ke1 Kf3 42. Rc3+ Ke4 43. Nd2+ Kd4 44. Rc7 Rxb5 45. Rxf7 Kd3 46. Rxh7 Rb2 47. Nf1 Re2+ 48. Kd1 Bb3+ 49. Kc1 Rf2 50. Nd2 Bd5 51. Nb1 Rf1+ 52. Kb2 Rf2+ 53. Ka3 Ra2+ 54. Kb4 Rb2+ 55. Kc5 Rxb1 56. Rh6 f5 57. Rh3 Rg1 58. g4+ Ke4 59. gxf5 Kxf5 60. Rh4 Rg4 61. Rh2 Rxf4 62. Kd6 Rf3 63. Rh8 Ke4 64. Rh5 Kd4 65. Rh4+ Kd3 66. Rh5 Re3 67. Rg5 Kd4 68. Rh5 e5 69. Rg5 Bc4 70. Rh5 e4 71. Rh4 Rg3 72. Rh6 Rg8 73. Ke7 e3 74. Rh4+ Kc3 75. Re4 e2 76. Re3+ Kd2 77. Re5 e1=Q 78. Rxe1 Kxe1 79. Kf6 Kd2 0-1

[Event "January 9 Early 2024"]
[Site "https://www.chess.com"]
[Date "2024.01.11"]
[Round "10"]
[White "Tikhonov, Viacheslav"]
[Black "Santeramo, Alessia Carmen"]
[Result "1-0"]
[Board "205"]
[TimeControl "180+1"]
[WhiteFideId "44196407"]
[BlackFideId "850810"]
[WhiteElo "2516"]
[BlackElo "2321"]
[WhiteTeam "RUS"]
[BlackTeam "ITA"]
[WhiteClock "0:00:08"]
[BlackClock "0:00:07"]

1. e4 e5 2. Nf3 Nc6 3. Bc4 Nf6 4. Ng5 d5 5. exd5 Na5 6. Bb5+ Bd7 7. Qe2 Be7 8. Nc3 Bxb5 9. Qxb5+ c6 10. dxc6 Nxc6 11. O-O O-O 12. Qxb7 Nd4 13. Nge4 Nxc2 14. Rb1 Nd4 15. Nxf6+ Bxf6 16. Qe4 g6 17. d3 Bg7 18. Be3 Qa5 19. b4 Qa3 20. Bxd4 exd4 21. Nb5 Qxa2 22. Nxd4 Rae8 23. Qh4 Rd8 24. Nc6 Rxd3 25. b5 Rd2 26. h3 Re8 27. Rbe1 Rxe1 28. Rxe1 h6 29. Qf4 Rb2 30. Re8+ Kh7 31. Nd8 Rxb5 32. Qxf7 Qxf7 33. Nxf7 a5 34. Ra8 Rb1+ 35. Kh2 Ra1 36. g3 g5 37. Nd6 a4 38. Nc4 Kg6 39. g4 Kh7 40. Ra6 Ra2 41. Kg2 Kg8 42. Kf3 Bb2 43. Nxb2 Rxb2 44. Rxa4 Rb3+ 45. Kg2 Kg7 46. Ra6 Kh7 47. Rd6 Rc3 48. Rf6 Kg7 49. Rf3 Rc4 50. Rb3 Ra4 51. Rd3 Rc4 52. Rd6 Rb4 53. Kg3 Rb3+ 54. f3 Rb4 55. Rd5 Ra4 56. Rf5 Rb4 57. h4 Kg6 58. Rc5 gxh4+ 59. Kxh4 Rb1 60. Kg3 Rg1+ 61. Kf4 Rb1 62. Rc6+ Kg7 63. Rc7+ Kg6 64. Rc6+ Kg7 65. Rc5 Rb4+ 66. Kf5 Rb1 67. Rc7+ Kg8 68. Kg6 Rb6+ 69. Kh5 Kh8 70. f4 Kg8 71. f5 Kf8 72. Rh7 Kg8 73. Rxh6 Rb1 74. Re6 Kf7 75. Kg5 Rg1 76. Ra6 Ke7 77. Ra7+ Kd6 78. Ra3 Ke7 79. Re3+ Kf7 80. Rc3 Rd1 81. Rc7+ Kf8 82. Kg6 Rd6+ 83. f6 Rd8 84. g5 Ra8 85. Rf7+ Kg8 86. Rg7+ Kh8 87. Rh7+ Kg8 88. f7+ Kf8 89. Rh8+ Ke7 90. Rxa8 1-0

[Event "January 9 Early 2024"]
[Site "https://www.chess.com"]
[Date "2024.01.11"]
[Round "10"]
[White "Aashman Gupta"]
[Black "Cordoba Roa, Angel Gabriel"]
[Result "1/2-1/2"]
[Board "206"]
[TimeControl "180+1"]
[WhiteFideId "45022500"]
[BlackFideId "3957624"]
[WhiteElo "2493"]
[BlackElo "2624"]
[WhiteTeam "IND"]
[BlackTeam "COL"]
[WhiteClock "0:00:20"]
[BlackClock "0:00:34"]

1. b3 e5 2. Bb2 Nc6 3. e3 Nf6 4. Bb5 Bd6 5. Na3 Na5 6. Be2 O-O 7. c4 Be7 8. Nc2 Nc6 9. d4 exd4 10. Nxd4 Bb4+ 11. Kf1 Re8 12. Ngf3 d6 13. a3 Bc5 14. b4 Bb6 15. Nxc6 bxc6 16. Qc2 Ne4 17. Nd2 Nxf2 18. Kxf2 Bxe3+ 19. Kf1 Qh4 20. g3 Qh3+ 21. Ke1 Qg2 22. Rf1 Bh3 23. Kd1 Bxd2 24. Qxd2 Rxe2 25. Qxe2 Qxf1+ 26. Qxf1 Bxf1 27. Rc1 Re8 28. Bd4 a6 29. Kd2 Re4 30. Kc3 Bh3 31. c5 Be6 32. Kd3 Bd5 33. cxd6 cxd6 34. Rf1 Rg4 35. Rf4 Rxf4 36. gxf4 f6 37. Bb6 Kf7 38. Kd4 Ke6 39. Bc7 Bg2 40. a4 Bf3 41. a5 g5 42. fxg5 fxg5 43. Ke3 Bh1 44. Kf2 h5 45. Kg3 Be4 46. Kf2 h4 47. Ke3 Bd5 48. Bd8 Kf5 49. Be7 g4 50. Bxh4 g3 51. Bxg3 Ke6 52. Kd4 Bf3 53. h4 Bd1 54. Bf4 Bh5 55. Ke3 Bg4 56. Kf2 d5 57. Kg3 Kf5 58. Bd6 Be2 59. Bc5 Kg6 60. Kf4 Kh5 61. Bf2 Bb5 62. Ke5 Bc4 63. Kd6 Bb5 64. Kc5 Kg4 65. Kb6 Kh5 66. Kc5 Kg4 67. Be1 Kh5 68. Bc3 Kg4 69. Bf6 Kf5 70. Bg5 Kg4 71. Kd4 Kh5 72. Ke5 Kg6 73. Kf4 d4 74. Kg4 Be2+ 75. Kf4 d3 76. Ke3 Kh5 77. Kd2 Bf1 78. Ke1 Be2 79. Kd2 Kg4 80. Be7 Kf5 81. Bd8 Ke6 82. Bg5 Kd5 83. Be7 Kc4 84. Bc5 Kb5 85. h5 Bxh5 86. Kxd3 Bf7 87. Kd4 Bc4 88. Ke5 Bd5 89. Kd6 Bc4 90. Kc7 Bd5 91. Kd6 Bc4 92. Ke5 Bd5 93. Kd4 Bc4 94. Kc3 Bd5 95. Kb2 Bc4 96. Ka3 Bd5 97. Bd4 Bc4 98. Bc5 Bd5 99. Bg1 Bc4 100. Bc5 1/2-1/2

[Event "January 9 Early 2024"]
[Site "https://www.chess.com"]
[Date "2024.01.11"]
[Round "10"]
[White "Pranav, V"]
[Black "Drygalov, Sergey"]
[Result "0-1"]
[Board "207"]
[TimeControl "180+1"]
[WhiteFideId "25060783"]
[BlackFideId "24171743"]
[WhiteElo "3032"]
[BlackElo "2960"]
[WhiteTeam "IND"]
[BlackTeam "RUS"]
[WhiteClock "0:00:01"]
[BlackClock "0:00:04"]

1. e4 c5 2. Nf3 d6 3. c3 Nf6 4. Be2 g6 5. O-O Bg7 6. Re1 O-O 7. Bf1 e5 8. d4 exd4 9. cxd4 cxd4 10. Nxd4 Nc6 11. Nxc6 bxc6 12. Nc3 d5 13. exd5 Nxd5 14. Ne4 Bf5 15. Ng3 Be6 16. a3 Rb8 17. Qc2 Qb6 18. Bc4 Rfe8 19. Rd1 Bg4 20. Rf1 h5 21. Qa4 Qc5 22. Bxd5 cxd5 23. Be3 Qc4 24. Qxa7 h4 25. Rfc1 Qd3 26. Nf1 h3 27. Qa4 d4 28. Bg5 Qe4 29. Qc6 Qxc6 30. Rxc6 hxg2 31. Kxg2 Rxb2 32. Bf6 Ree2 33. Kg3 Be6 34. Bxg7 Kxg7 35. Rd6 Rxf2 36. Rxd4 g5 37. Ne3 f5 38. Nd5 Rxh2 39. Re1 f4+ 40. Kf3 Bf5 41. Nxf4 Rb3+ 42. Re3 Rxe3+ 43. Kxe3 gxf4+ 44. Kxf4 Kf6 45. Rd6+ Be6 46. Ra6 Rh4+ 47. Ke3 Ke5 48. Kd2 Bc4 49. Ra8 Kd4 50. Rd8+ Bd5 51. a4 Rh2+ 52. Ke1 Ke4 53. a5 Bc4 54. Rc8 Bd3 55. Re8+ Kd4 56. Re6 Be4 57. a6 Ke3 58. Rf6 Re2+ 59. Kf1 Ra2 60. Kg1 Ra1+ 61. Kh2 Rh1+ 62. Kg3 Rg1+ 63. Kh4 Ra1 64. Kg5 Bd3 65. Re6+ Kd4 66. Rd6+ Ke4 67. Re6+ Kd5 68. Re8 Bxa6 69. Kf4 Rf1+ 70. Kg3 Bd3 71. Rd8+ Ke4 72. Re8+ Kd4 73. Kg2 Rf6 74. Kg3 Be4 75. Rb8 Ke3 76. Rb3+ Bd3 77. Ra3 Rg6+ 78. Kh3 Rg8 79. Rb3 Ke4 80. Ra3 Be2 81. Kh2 Kf4 0-1